 Dungeon Crawl Stone Soup version 0.28-a0-535-g6f645e4c1d (webtiles) character file.

Game seed: 461137119136156114

4204 funkygono the Arsonist (level 10, -2/52 HPs)
             Began as a Gargoyle Fire Elementalist on Sept 26, 2021.
             Slain by a death knight (24 damage)
             ... on level 7 of the Dungeon.
             The game lasted 00:15:35 (8077 turns).

funkygono the Arsonist (Gargoyle Fire Elementalist) Turns: 8077, Time: 00:15:36

Health: -2/52      AC: 11    Str: 11    XL:     10   Next: 29%
Magic:  2/22       EV: 12    Int: 20    God:
Gold:   83         SH:  5    Dex: 10    Spells: 12/25 levels left

rFire   . . .      SeeInvis .   f - +3 whip (vamp)
rCold   . . .      Faith    .   (no shield)
rNeg    + . .      Spirit   .   a - +0 robe
rPois   ∞          Reflect  +   (no helmet)
rElec   +          Harm     .   (no cloak)
rCorr   .          Rampage  .   (no gloves)
Will    .....                   e - +1 pair of boots
Stlth   ++........              t - amulet of reflection
HPRegen 0.17/turn               (no ring)
MPRegen 0.18/turn               (no ring)

@: no status effects
A: sickness immunity, AC +7, negative energy resistance 1, electricity
resistance, torment resistance 1, petrification resistance
a: no special abilities


You were on level 7 of the Dungeon.
You visited 2 branches of the dungeon, and saw 8 of its levels.

You collected 303 gold pieces.
You spent 220 gold pieces at shops.

Inventory:

Hand Weapons
 f - a +3 vampiric whip (weapon)
 i - a +2 dire flail
Missiles
 b - 213 stones
Armour
 a - a +0 robe (worn)
 e - a +1 pair of boots (worn)
 q - a +2 scale mail of willpower
Jewellery
 t - an amulet of reflection (around neck)
Wands
 n - a wand of charming (11)
 s - a wand of flame (11)
 v - a wand of digging (8)
 y - a wand of iceblast (11)
Scrolls
 j - 3 scrolls of amnesia
 l - a scroll of enchant armour
 m - a scroll of fear
 u - a scroll of magic mapping
 w - 3 scrolls of identify
 x - a scroll of vulnerability {unknown}
Potions
 c - a potion of cancellation
 d - 4 potions of might
 g - a potion of flight
 k - 2 potions of curing
 o - a potion of invisibility
 p - 2 potions of haste
 r - a potion of attraction
 z - a potion of lignification {unknown}


   Skills:
 + Level 1.5 Fighting
 + Level 1.6 Maces & Flails
 + Level 3.0 Dodging
 - Level 2.1 Stealth
 + Level 1.9 Shields
 * Level 8.3 Spellcasting
 * Level 6.3 Conjurations
 * Level 8.9 Fire Magic
 * Level 4.1 Earth Magic


You had 12 spell levels left.
You knew the following spells:

 Your Spells              Type           Power      Damage    Failure   Level
a - Foxfire               Conj/Fire      100%       2x1d9     1%          1
b - Scorch                Fire           88%        2d9       1%          2
c - Conjure Flame         Conj/Fire      38%        6-21      1%          3
d - Flame Wave            Conj/Fire      38%        3d8       3%          4
e - Stone Arrow           Conj/Erth      58%        3d10      3%          3

Your spell library contained the following spells:

 Spells                   Type           Power      Damage    Failure   Level
 Sandblast                Erth           48%        2d12      1%          1
 Inner Flame              Hex/Fire       26%        N/A       4%          3
 Passwall                 Tmut/Erth      13%        N/A       5%          2
 Gell's Gravitas          Tloc           4%         N/A       26%         3
 Lesser Beckoning         Tloc           8%         N/A       26%         3
 Ozocubu's Armour         Ice            8%         N/A       26%         3
 Teleport Other           Tloc           8%         N/A       26%         3
 Metabolic Englaciation   Hex/Ice        4%         N/A       93%         5
 Simulacrum               Ice/Necr       4%         N/A       100%        6


Dungeon Overview and Level Annotations

Branches:
Dungeon (7/15)             Temple (1/1) D:5

Altars:
Ashenzari
Cheibriados
Dithmenos
Elyvilon
Fedhas
Gozag
Hepliaklqana
Makhleb
Nemelex Xobeh
Okawaru
Ru
Sif Muna
Trog
Uskayaw
Wu Jian
Xom
Yredelemnul
Zin
The Shining One

Shops:
D:2 ?


Innate Abilities, Weirdness & Mutations

You are immune to sickness and miasma.
Your stone body is resilient. (AC +7)
You are immune to poison.
You resist negative energy. (rN+)
You are resistant to electric shocks. (rElec)
You are resistant to unholy torment.
You are immune to petrification.


Message History

The flame wave engulfs the death knight!
The death knight is moderately wounded.
The flame wave engulfs the howler monkey skeleton!!
You destroy the howler monkey skeleton!
You finish channelling waves of flame.
The death knight hits you but does no damage.
Your Earth Magic skill increases to level 4!
Casting: Flame Wave (dangerous; 3% risk of failure)
Confirm with . or Enter, or press ? or * to list all spells.
Aiming: Stone Arrow (dangerous; 3% risk of failure)
Press: ? - help, Shift-Dir - straight line, f - death knight
Aim: a death knight, wielding a +0 halberd and wearing a +0 chain mail (moderately wounded, 71% to hit)
The stone arrow hits the death knight!
The death knight is heavily wounded.
The death knight hits you from afar with a +0 halberd!!
Unknown command.
Casting: Stone Arrow (dangerous; 3% risk of failure)
Confirm with . or Enter, or press ? or * to list all spells.
Aiming: Stone Arrow (dangerous; 3% risk of failure)
Press: ? - help, Shift-Dir - straight line, f/p - death knight
Aim: a death knight, wielding a +0 halberd and wearing a +0 chain mail (heavily wounded, 71% to hit)
The stone arrow hits the death knight!
The death knight is heavily wounded.
The death knight hits you from afar with a +0 halberd!
Casting: Stone Arrow (dangerous; 3% risk of failure)
Confirm with . or Enter, or press ? or * to list all spells.
Aiming: Stone Arrow (dangerous; 3% risk of failure)
Press: ? - help, Shift-Dir - straight line, f/p - death knight
Aim: a death knight, wielding a +0 halberd and wearing a +0 chain mail (heavily wounded, 71% to hit)
The stone arrow hits the death knight!
The death knight is severely wounded.
The death knight hits you from afar with a +0 halberd!
* * * LOW HITPOINT WARNING * * *
Casting: Stone Arrow (dangerous; 3% risk of failure)
Confirm with . or Enter, or press ? or * to list all spells.
You don't have enough magic to cast this spell.
Unknown command.
You feel better.
The death knight hits you from afar with a +0 halberd!!
You die...

##.#♣♣.♣♣♣.♣.♣.......♣.♣.♣ .♣ #.
#..#♣...♣♣♣.♣.♣.....♣.♣.♣♣♣♣.♣♣#.
#..#.......♣.♣.♣...♣.♣.♣....♣..#.
...#♣...♣#♣.♣.♣.♣.♣.♣.♣.♣♣♣♣.♣ #.
...#♣♣.♣♣#.♣.♣.♣♣.♣♣.♣.♣.♣ ♣.♣ #.
...###.################### #.# #.
...#..†..#...#### ♣.♣ #.
...#.....#.♣.'..###### .♣. #.
...#....†..♣.#..@)p..# ♣ ♣
...#.....#.♣.######..'.♣
...#...♣.#........ #.?
##.###.########### ... .♣.♣.
#.♣.♣.. # ♣♣♣ ♣.


You could see a death knight.

Vanquished Creatures
  An ugly thing (D:7)
  A troll (D:7)
  Prince Ribbit (D:5)
  Grinder (D:3)
  A shadow (D:7)
  Sigmund (D:4)
  A basilisk (D:7)
  A water moccasin (D:7)
  An ice beast (D:5)
  2 sky beasts (D:7)
  A black bear (D:5)
  A hornet zombie (D:7)
  2 orc warriors
  3 necrophages
  2 ogres
  A phantom (D:5)
  2 bullfrogs (D:6)
  A gnoll sergeant (D:7)
  3 water moccasin zombies (D:5)
  A killer bee (D:7)
  9 wights
  A howler monkey (D:4)
  2 electric eels (D:6)
  A jelly (D:5)
  2 iguanas
  2 hounds
  2 orc priests (D:5)
  3 bullfrog skeletons
  4 centaur skeletons
  3 orc wizards
  A howler monkey skeleton (D:7)
  3 gnolls (D:5)
  3 adders
  2 white imps
  An ufetubus (D:5)
  A worm (D:2)
  3 dart slugs
  20 orcs
  4 endoplasms
  2 giant cockroaches
  5 goblins
  6 hobgoblins
  6 jackals (D:3)
  6 kobolds
  4 quokkas
  8 ball pythons
  11 bats
  5 frilled lizards
  3 rats
151 creatures vanquished.

Vanquished Creatures (collateral kills)
  A foxfire (D:1)
1 creature vanquished.

Vanquished Creatures (others)
  462 foxfires
  4 plants
466 creatures vanquished.

Grand Total: 618 creatures vanquished

Notes
Turn   | Place    | Note
-------+----------+-------------------------------------------
     0 | D:1      | funkygono the Gargoyle Fire Elementalist began the quest
                  | for the Orb.
     0 | D:1      | Reached XP level 1. HP: 10/10 MP: 3/3
    13 | D:1      | Noticed an electric eel
   379 | D:1      | Reached XP level 2. HP: 15/15 MP: 1/5
   439 | D:1      | Learned a level 2 spell: Scorch
   773 | D:1      | Reached XP level 3. HP: 19/19 MP: 2/6
  1247 | D:1      | Found a faded altar of an unknown god.
  1285 | D:1      | Learned a level 3 spell: Conjure Flame
  2046 | D:2      | Found an opulent altar of Gozag.
  2153 | D:2      | Found Burhog Biet's Magic Scroll Emporium.
  2647 | D:3      | Found a glowing golden altar of the Shining One.
  2839 | D:3      | Noticed Grinder
  2842 | D:3      | Reached XP level 4. HP: 24/24 MP: 2/8
  2854 | D:3      | Paralysed by Grinder for 4 turns
  2860 | D:3      | Killed Grinder
  2861 | D:3      | Reached XP level 5. HP: 28/28 MP: 1/10
  2861 | D:3      | Reached XP level 6. HP: 32/32 MP: 1/11
  3329 | D:3      | Learned a level 4 spell: Flame Wave
  3384 | D:4      | Noticed a necrophage
  3388 | D:4      | Killed a necrophage
  3389 | D:4      | Reached skill level 5 in Fire Magic
  3759 | D:4      | Reached XP level 7. HP: 37/37 MP: 8/13
  4057 | D:4      | Noticed Sigmund
  4065 | D:4      | Killed Sigmund
  4203 | D:5      | Entered Level 5 of the Dungeon
  4203 | D:5      | Found a staircase to the Ecumenical Temple.
  4205 | D:5      | Noticed Prince Ribbit
  4212 | D:5      | Killed Prince Ribbit
  4213 | D:5      | Reached skill level 5 in Spellcasting
  4213 | D:5      | Reached XP level 8. HP: 42/42 MP: 6/16
  4224 | Temple   | Entered the Ecumenical Temple
  4493 | D:5      | Learned a level 3 spell: Stone Arrow
  4611 | D:5      | Reached skill level 1 in Earth Magic
  4842 | D:5      | Reached skill level 1 in Maces & Flails
  5512 | D:2      | Bought a scroll of brand weapon for 220 gold pieces
  5598 | D:6      | Reached skill level 5 in Conjurations
  5676 | D:6      | Reached skill level 1 in Fighting
  5738 | D:6      | Reached XP level 9. HP: 47/47 MP: 11/19
  6708 | D:6      | Found a blossoming altar of Fedhas.
  6715 | D:6      | Found a basalt altar of Yredelemnul.
  6785 | D:6      | Found a white marble altar of Elyvilon.
  6917 | D:6      | Found a shadowy altar of Dithmenos.
  7551 | D:7      | Reached skill level 1 in Shields
  7958 | D:7      | Noticed a troll
  7971 | D:7      | Reached XP level 10. HP: 52/52 MP: 15/21
  8065 | D:7      | Noticed a death knight
  8065 | D:7      | Noticed a brown ugly thing
  8073 | D:7      | Killed a brown ugly thing
  8077 | D:7      | Slain by a death knight

Illustrated notes

Levels and vault maps discovered:
D:1:      arrival_aquarium_a, layout_basic,
          dreamdust_ecumenical_altar_hidden_monk_grotto
D:2:      layout_basic, basic_altar, serial_shops, shop, minmay_split_cup_large
D:3:      layout_basic, tso_metal_star, uniq_grinder
D:4:      layout_loops_ring, uniq_sigmund
D:5:      minmay_evil_eye, layout_rooms, minmay_temple_entry_mist,
          minmay_misc_feat_enclosed, uniq_prince_ribbit1
D:6:      layout_cave_pools, overflow_temple_1_default,
          nicolae_elyvilon_temple_path, mainiacjoe_overflow_swirl,
          serial_column_ruins, column_ruins_corridor_corner,
          column_ruins_open_large, column_ruins_open_small,
          column_ruins_open_tiny, column_ruins_columns_straight,
          kennysheep_generic_room_11
D:7:      nzn_winding_woodlands_medium [nzn_winding_woodlands_5x5_perimeter,
          nzn_winding_woodlands_5x15_sidewinder,
          nzn_winding_woodlands_5x5_three,
          nzn_winding_woodlands_5x5_closed_star,
          nzn_winding_woodlands_center_lodge, nzn_winding_woodlands_hourglass,
          nzn_winding_woodlands_5x5_cross,
          nzn_winding_woodlands_5x15_split_checker,
          nzn_winding_woodlands_5x5_default], layout_cave_pods,
          lemuel_mausoleum_altar_kikubaaqudgha
Temple:   eino_temple_lava

Skill      XL: |  1  2  3  4  5  6  7  8  9 10 |
---------------+-------------------------------+-----
Spellcasting   | 3 4 5 6 7 8 |  8.3
Conjurations   | 2 3 4 5 6 |  6.3
Fire Magic     | 4 5 6 7 8 |  8.9
Earth Magic    | 2 3 4 |  4.1
Maces & Flails | 1 |  1.6
Fighting       | 1 |  1.5
Dodging        | 2 3 |  3.0
Shields        | 1 |  1.9
Stealth        | |  2.1

Action                   |  1- 3 |  4- 6 |  7- 9 | 10-12 || total
-------------------------+-------+-------+-------+-------++-------
Melee: Unarmed           |     2 |       |       |       ||     2
       Whip              |     7 |    14 |    57 |       ||    78
 Cast: Foxfire           |    77 |    32 |   177 |       ||   286
       Scorch            |     6 |     6 |    28 |     4 ||    44
       Stone Arrow       |       |       |     6 |     3 ||     9
       Flame Wave        |       |       |     6 |     2 ||     8
  Use: Scroll            |     6 |     3 |    12 |       ||    21
       Potion            |       |       |     2 |     1 ||     3
Armor: Robe              |     8 |     5 |    67 |     3 ||    83
       Skin              |       |     3 |       |       ||     3
Dodge: Dodged            |    12 |     8 |    86 |     3 ||   109
Block: Other             |       |       |    27 |     2 ||    29

Table legend: (Time is in decaauts)
 A = Elapsed time spent in this place.
 B = Non-inter-level travel time spent in this place.
 C = Inter-level travel time spent in this place.
 D = Time resting spent in this place.
 E = Time spent auto-exploring this place.
 F = Levels seen in this place.
 G = Mean time per level.
                   A        B        C        D        E       F      G
               +--------+--------+--------+--------+--------+-----+--------+
         Total |   8090 |   7807 |    283 |    473 |   6121 |   8 | 1011.2 |
       Dungeon |   7966 |   7687 |    279 |    473 |   6015 |   7 | 1138.0 |
        Temple |    123 |    119 |      4 |      0 |    106 |   1 |  123.0 |
               +--------+--------+--------+--------+--------+-----+--------+

Top non-repeatable levels by time:
     D:5: 1632 daAuts
     D:1: 1309 daAuts
     D:2: 1151 daAuts
     D:6: 1072 daAuts
     D:3: 957 daAuts
     D:7: 935 daAuts
     D:4: 907 daAuts
  Temple: 123 daAuts
